 Dungeon Crawl Stone Soup version 0.29.1-12-g30fa7ad0bf (webtiles) character file.

Game seed: 10785088806523351784

130 bnorton916 the Magician (level 4, 0/24 HPs)
             Began as a Deep Elf Fire Elementalist on Jan 3, 2023.
             Slain by Grinder (5 damage)
             ... on level 3 of the Dungeon.
             The game lasted 00:02:45 (3189 turns).

bnorton916 the Magician (DEFE)                      Turns: 3189, Time: 00:02:46

Health: 0/24       AC:  2    Str:  5    XL:     4   Next: 90%
Magic:  5/12       EV: 12    Int: 22    God:
Gold:   69         SH:  0    Dex: 15    Spells: 2/12 levels left

rFire   . . .      SeeInvis .   c - +3 dagger
rCold   . . .      Faith    .   (no shield)
rNeg    . . .      Spirit   .   a - +0 robe
rPois   .          Reflect  .   (no helmet)
rElec   .          Harm     .   (no cloak)
rCorr   .          Rampage  .   (no gloves)
Will    .....                   (no boots)
Stlth   ++........              (no amulet)
HPRegen 0.08/turn               (no ring)
MPRegen 0.13/turn               (no ring)

@: no status effects
A: no striking features
a: no special abilities


You were on level 3 of the Dungeon.
You visited 1 branch of the dungeon, and saw 3 of its levels.

You collected 69 gold pieces.

Inventory:

Hand Weapons
 c - a +3 dagger (weapon)
Missiles
 h - 4 curare-tipped darts
Armour
 a - a +0 robe (worn)
 d - a +3 ring mail
Scrolls
 f - 2 scrolls of identify {unknown}
 g - a scroll of poison {unknown}
 j - a scroll of enchant armour {unknown}
 l - a scroll of immolation {unknown}
Potions
 b - a potion of magic
 e - a potion of curing
 i - a potion of lignification {unknown}
 k - a potion of degeneration {unknown}


   Skills:
 - Level 2.4 Dodging
 - Level 2.4 Stealth
 + Level 4.6 Spellcasting
 + Level 2.9 Conjurations
 + Level 4.4 Fire Magic
 + Level 1.0 Poison Magic


You had 2 spell levels left.
You knew the following spells:

 Your Spells              Type           Power      Damage    Failure   Level
a - Foxfire               Conj/Fire      84%        2x1d8     2%          1
b - Scorch                Fire           48%        2d7       2%          2
c - Conjure Flame         Conj/Fire      21%        6-21      7%          3
d - Olgreb's Toxic Radia  Pois           9%         N/A       56%         4

Your spell library contained the following spells:

 Spells                   Type           Power      Damage    Failure   Level
 Sting                    Tmut/Pois      28%        1d4       9%          1
 Poisonous Vapours        Pois/Air       14%        N/A       13%         2
 Inner Flame              Hex/Fire       14%        N/A       13%         3
 Flame Wave               Conj/Fire      21%        2d8       22%         4
 Iskenderun's Battlesphe  Conj           17%        2d7       65%         5
 Iron Shot                Conj/Erth      5%         9d2       100%        6
 Spellforged Servitor     Conj/Summ      5%         N/A       100%        7


Dungeon Overview and Level Annotations

Branches:
Dungeon (3/15)

Altars:

Shops:
D:3 *

Annotations:
D:2 1 runed translucent door, Crazy Yiuf
D:3 Grinder


Message History

Casting: Foxfire (safe; 2% risk of failure)
Confirm with . or Enter, or press ? or * to list all spells.
Flames lash the orc.
The orc is heavily wounded.
The orc's fire resistance burns away.
The orc hits you with a +0 dagger. Something hits you. Grinder misses you.
The orc barely misses you. Something hits you but does no damage.
Grinder hits you but does no damage.
Unknown command.
Casting: Scorch (safe; 2% risk of failure)
Confirm with . or Enter, or press ? or * to list all spells.
You conjure some foxfire!
The orc closely misses you. Something hits you but does no damage.
Grinder gestures at you. You resist with significant effort.
The foxfire hits something.
The foxfire hits Grinder but does no damage.
Grinder is heavily wounded.
The orc misses you. Something hits you.
* * * LOW HITPOINT WARNING * * *
Grinder hits you.
* * * LOW HITPOINT WARNING * * *
You writhe in agony.
* * * LOW HITPOINT WARNING * * *
It was a potion of curing.
You feel better.
The orc is no longer more vulnerable to fire.
The orc barely misses you. Something hits you but does no damage.
Grinder misses you.
Casting: Foxfire (safe; 2% risk of failure)
Confirm with . or Enter, or press ? or * to list all spells.
You conjure some foxfire!
The orc hits you with a +0 dagger. Something hits you.
* * * LOW HITPOINT WARNING * * *
Grinder gestures at you. You resist with significant effort.
The foxfire hits something but does no damage.
The foxfire hits something.
The orc closely misses you. Something hits you.
* * * LOW HITPOINT WARNING * * *
Grinder hits you.
You die...

..).... #.....#
#..)..# #.....#
#.....# #.....#
#.{o5.# #..@..#
#.§...# ###'###
#.# #)# #.# ##
#.###############.
#...............#+
###############.'∩


You could see Grinder and an orc.

Vanquished Creatures
  Jessica (D:2)
  4 gnolls (D:2)
  An adder (D:2)
  4 dart slugs
  2 orcs (D:3)
  5 bats
  4 endoplasms
  4 giant cockroaches
  3 goblins
  5 hobgoblins
  3 kobolds
  2 quokkas (D:2)
  4 ball pythons
  A frilled lizard (D:2)
  4 rats
47 creatures vanquished.

Vanquished Creatures (collateral kills)
  11 foxfires (D:2)
11 creatures vanquished.

Vanquished Creatures (others)
  222 foxfires
  2 fungi (D:2)
  9 plants (D:2)
233 creatures vanquished.

Grand Total: 291 creatures vanquished

Notes
Turn   | Place    | Note
-------+----------+-------------------------------------------
     0 | D:1      | bnorton916 the Deep Elf Fire Elementalist began the quest
                  | for the Orb.
     0 | D:1      | Reached XP level 1. HP: 10/10 MP: 6/6
   130 | D:1      | Reached XP level 2. HP: 15/15 MP: 4/8
   892 | D:1      | Reached XP level 3. HP: 19/19 MP: 8/10
  2297 | D:2      | Noticed Jessica
  2313 | D:2      | Killed Jessica
  2314 | D:2      | Reached XP level 4. HP: 22/24 MP: 6/12
  2319 | D:2      | Learned a level 2 spell: Scorch
  2323 | D:2      | Learned a level 3 spell: Conjure Flame
  2328 | D:2      | Learned a level 4 spell: Olgreb's Toxic Radiance
  2704 | D:2      | Found a runed translucent door.
  2705 | D:2      | Noticed Crazy Yiuf
  3141 | D:3      | Found Dahaerae's General Store.
  3171 | D:3      | Noticed Grinder
  3174 | D:3      | Reached skill level 1 in Poison Magic
  3180 | D:3      | Paralysed by Grinder for 3 turns
  3186 | D:3      | HP: 1/24 [Grinder (2)]
  3189 | D:3      | Slain by Grinder

Illustrated notes

Levels and vault maps discovered:
D:1:      tarquinn_simple_flora_water_c, layout_loops_ring
D:2:      layout_basic, dreamdust_mushroom_princess, serial_bayou_lagoon_a,
          uniq_crazy_yiuf_cottage, uniq_jessica
D:3:      layout_basic, serial_shops, nicolae_shop_behind_doors,
          ebering_ecumenical_altar_mist, minmay_distorted, uniq_grinder,
          uniq_sigmund, uniq_robin, uniq_natasha

Skill      XL: |  1  2  3  4 |
---------------+-------------+-----
Conjurations   | 2 |  2.9
Fire Magic     | 4 |  4.4
Spellcasting   | 4 |  4.6
Poison Magic   | 1 |  1.0
Dodging        | |  2.4
Stealth        | |  2.4

Action                   |  1- 3 |  4- 6 || total
-------------------------+-------+-------++-------
Melee: Dagger            |       |     1 ||     1
 Cast: Foxfire           |   109 |    35 ||   144
       Scorch            |       |     1 ||     1
  Use: Potion            |       |     1 ||     1
 Stab: Sleeping          |       |     1 ||     1
Armor: Robe              |     3 |     5 ||     8
Dodge: Dodged            |     9 |    18 ||    27
